 Dungeon Crawl Stone Soup version 0.31-a0-986-g5e6e4ef867 (webtiles) character file.

Game seed: 1929495118249971279

3050103 Ofeo the Merry Frog (level 27, 197/218 HPs)
             Began as a Barachi Hexslinger on Oct 29, 2023.
             Was the Champion of Hepliaklqana.
             Escaped with the Orb
             ... and 5 runes on Nov 23, 2023!
             The game lasted 02:50:30 (73957 turns).

Ofeo the Merry Frog (Barachi Hexslinger)           Turns: 73957, Time: 02:50:30

Health: 197/218    AC: 23    Str: 17 (18) XL:     27
Magic:  22/22      EV: 37    Int: 13      God:    Hepliaklqana [******]
Gold:   5131       SH:  0    Dex: 29 (32) Spells: 5/42 levels left

rFire   + + .        D - +5 longbow of the Pharaoh's Fist {flame, rElec rF+ rCorr Str+3 Int-4}
rCold   . . .        (shield currently unavailable)
rNeg    + + +        y - +4 Cigotuvi's embrace {Corpsefed rMiasma Drain rN+}
rPois   +            W - +2 hat {Will+}
rElec   +            J - +2 ratskin cloak {*Rats rPois rN+ Str-1 Int-1 Dex+1}
rCorr   +            t - +1 pair of gloves "Pozaczonist" {Drain rN+ Str+2 Dex+3}
SInv    .            A - +2 pair of boots
Will    ++++.        g - amulet "Fier" {RegenMP rCorr Int+3 Stlth+}
Stlth   +++          j - ring "Icsy" {+Blink rPois AC+4 Str+3 Slay+3}
HPRegen 0.56/turn    S - ring of Futsueseth {rF+ rCorr MP-9 Slay+4}
MPRegen 0.58/turn

%: no passive effects
@: studying Translocations, slow
A: reduced essence, amphibious, slowness 1, strong legs 2, +LOS, horns 1, agile
1, deformed body, low MP 1, strong-willed 1, screaming 1
0: Orb of Zot
}: 5/15 runes: decaying, serpentine, slimy, silver, abyssal
a: Hop, Renounce Religion, Evoke Blink, Recall Ancestor, Ancestor Identity,
Transference, Idealise


You escaped.
You worshipped Hepliaklqana.
Hepliaklqana was exalted by your worship.
You visited 11 branches of the dungeon, and saw 53 of its levels.
You visited the Abyss 1 time.
You also visited: Sewer and Ice Cave.

You collected 10061 gold pieces.
You spent 4930 gold pieces at shops.

Inventory:

Hand Weapons
 b - the +27 heavy crossbow "Sniper" {heavy, Acc+∞ SInv}
   (You found it on level 3 of the Elven Halls)

   Acc+∞: It never misses its target.
   SInv:      It lets you see invisible.
 D - the +5 longbow of the Pharaoh's Fist (weapon) {flame, rElec rF+ rCorr Str+3 Int-4}
   (You acquired it on level 2 of the Orcish Mines)

   Str+3:     It affects your strength (+3).
   Int-4:     It affects your intelligence (-4).
   rF+:       It protects you from fire.
   rElec:     It insulates you from electricity.
   rCorr:     It protects you from acid and corrosion.
Missiles
 p - 4 throwing nets
Armour
 t - the +1 pair of gloves "Pozaczonist" (worn) {Drain rN+ Str+2 Dex+3}
   (You bought it in a shop on level 3 of the Depths)

   Str+2:     It affects your strength (+2).
   Dex+3:     It affects your dexterity (+3).
   rN+:       It protects you from negative energy.
   Drain:     It drains your maximum health when unequipped.
 v - quicksilver dragon scales
 y - the +4 Cigotuvi's embrace (worn) {Corpsefed rMiasma Drain rN+}
   (You found it on level 3 of the Elven Halls)

   Corpsefed: It gathers nearby corpses to temporarily increase the armour it
   provides.
   rMiasma:   It protects you from foul pestilence.
   rN+:       It protects you from negative energy.
   Drain:     It drains your maximum health when unequipped.
 A - a +2 pair of boots (worn)
 J - the +2 ratskin cloak (worn) {*Rats rPois rN+ Str-1 Int-1 Dex+1}
   (You found it on level 8 of the Dungeon)

   *Rats:     When the wearer is hurt, rats may emerge from it to assist them.
   Str-1:     It affects your strength (-1).
   Int-1:     It affects your intelligence (-1).
   Dex+1:     It affects your dexterity (+1).
   rPois:     It protects you from poison rN+: It protects you from negative
   energy.
 W - a +2 hat of willpower (worn)
Jewellery
 g - the amulet "Fier" (around neck) {RegenMP rCorr Int+3 Stlth+}
   (You found it in an ice cave)

   [amulet of magic regeneration]

   RegenMP:   It increases your rate of magic regeneration.
   Int+3:     It affects your intelligence (+3).
   rCorr:     It protects you from acid and corrosion.
   Stlth+:    It makes you more stealthy.
 j - the ring "Icsy" (left hand) {+Blink rPois AC+4 Str+3 Slay+3}
   (You found it on level 5 of the Pits of Slime)

   [ring of protection]

   AC+4:      It affects your AC (+4).
   Str+3:     It affects your strength (+3).
   Slay+3:    It affects your accuracy & damage with ranged weapons and melee
   (+3).
   rPois:     It protects you from poison +Blink: It lets you blink.
 C - a ring of protection from cold
 S - the ring of Futsueseth (right hand) {rF+ rCorr MP-9 Slay+4}
   (You found it on level 5 of the Pits of Slime)

   [ring of resist corrosion]

   Slay+4:    It affects your accuracy & damage with ranged weapons and melee
   (+4).
   rF+:       It protects you from fire.
   MP-9:      It affects your magic capacity (-9).
   rCorr:     It protects you from acid and corrosion.
 T - a +6 ring of dexterity
Wands
 i - a wand of light (15)
 z - a wand of paralysis (48)
 P - a wand of mindburst (30)
 X - a wand of flame (34)
 Y - a wand of digging (49) {@v1}
 Z - a wand of roots (58)
Scrolls
 c - 5 scrolls of amnesia
 n - 10 scrolls of enchant weapon
 o - 20 scrolls of teleportation {@r3}
 u - 2 scrolls of revelation
 w - 5 scrolls of vulnerability
 x - 14 scrolls of blinking {@r4}
 B - 10 scrolls of enchant armour
 E - a scroll of fear
 F - 5 scrolls of brand weapon
 G - 9 scrolls of fog
 H - 4 scrolls of immolation
 K - 3 scrolls of summoning
 Q - 13 scrolls of poison
 V - 6 scrolls of silence
Potions
 a - 6 potions of ambrosia
 d - 7 potions of cancellation
 e - 10 potions of enlightenment
 h - 5 potions of heal wounds {@q2}
 k - 12 potions of brilliance
 l - 8 potions of lignification
 m - 5 potions of might {@q4}
 q - 21 potions of curing {@q1}
 r - 4 potions of resistance {@q6}
 s - 4 potions of haste {@q3}
 I - 6 potions of invisibility
 L - 14 potions of mutation
 M - 3 potions of magic
 R - 2 potions of berserk rage
 U - 4 potions of attraction
Miscellaneous
 f - a condenser vane
 N - a phial of floods
 O - a lightning rod (4/4)


   Skills:
 + Level 25.6 Fighting
 O Level 27 Ranged Weapons
 - Level 16.0 Armour
 + Level 23.8 Dodging
 + Level 12.4 Stealth
 - Level 8.1 Spellcasting
 - Level 10.0 Hexes
 - Level 11.8 Summonings
 - Level 11.0 Translocations
 - Level 3.4 Fire Magic
 - Level 12.7 Invocations
 - Level 9.0 Evocations


You had 5 spell levels left.
You knew the following spells:

 Your Spells              Type           Power      Damage    Failure   Level
a - Jinxbite              Hex            62%        N/A       1%          2
b - Sigil of Binding      Hex            31%        N/A       1%          3
c - Inner Flame           Hex/Fire       22%        N/A       2%          3
d - Cause Fear            Hex            15%        N/A       2%          4
e - Summon Guardian Gole  Hex/Summ       33%        N/A       1%          3
f - Leda's Liquefaction   Hex/Erth       9%         N/A       19%         4
g - Frozen Ramparts       Ice            10%        1d2       41%         3
h - Dimensional Bullseye  Hex/Tloc       16%        N/A       1%          4
i - Summon Forest         Summ/Tloc      17%        N/A       3%          5
j - Apportation           Tloc           66%        N/A       1%          1
k - Summon Mana Viper     Hex/Summ       33%        N/A       4%          5

Your spell library contained the following spells:

 Spells                   Type           Power      Damage    Failure   Level
 Slow                     Hex            100%       N/A       1%          1
 Summon Small Mammal      Summ           100%       N/A       1%          1
 Call Imp                 Summ           72%        N/A       1%          2
 Lesser Beckoning         Tloc           66%        N/A       1%          2
 Call Canine Familiar     Summ           36%        N/A       1%          3
 Confusing Touch          Hex            31%        N/A       1%          3
 Gell's Gravitas          Tloc           33%        N/A       1%          3
 Teleport Other           Tloc           33%        N/A       1%          3
 Tukima's Dance           Hex            31%        N/A       1%          3
 Passage of Golubria      Tloc           33%        N/A       1%          4
 Ensorcelled Hibernation  Hex/Ice        36%        N/A       3%          2
 Dazzling Flash           Conj/Hex       36%        N/A       6%          3
 Animate Armour           Summ/Erth      40%        N/A       13%         4
 Summon Ice Beast         Ice/Summ       20%        N/A       13%         4
 Summon Lightning Spire   Summ/Air       20%        N/A       13%         4
 Kiss of Death            Conj/Necr      20%        2d7       16%         1
 Magic Dart               Conj           20%        1d4       16%         1
 Necrotise                Necr           20%        1d5       16%         1
 Sandblast                Erth           10%        2d5       16%         1
 Shock                    Conj/Air       20%        1d4       16%         1
 Iskenderun's Mystic Bla  Conj/Tloc      19%        2d6       16%         4
 Vhi's Electric Charge    Tloc/Air       38%        N/A       16%         4
 Anguish                  Hex/Necr       9%         N/A       19%         4
 Fulminant Prism          Conj/Hex       9%         3d7       19%         4
 Cigotuvi's Dreadful Rot  Necr/Pois/Air  10%        N/A       22%         2
 Passwall                 Tmut/Erth      4%         N/A       22%         2
 Searing Ray              Conj           10%        2d4       22%         2
 Hailstorm                Conj/Ice       5%         3d4       41%         3
 Mephitic Cloud           Conj/Pois/Air  5%         N/A       41%         3
 Ozocubu's Armour         Ice            5%         N/A       41%         3
 Stone Arrow              Conj/Erth      10%        3d7       41%         3
 Swiftness                Air            5%         N/A       41%         3
 Vampiric Draining        Necr           5%         2d6       41%         3
 Metabolic Englaciation   Hex/Ice        9%         N/A       47%         5
 Silence                  Hex/Air        9%         N/A       47%         5
 Yara's Violent Unravell  Hex/Tmut       9%         3d6       47%         5
 Flame Wave               Conj/Fire      9%         2d6       58%         4
 Sticky Flame             Conj/Fire      9%         2d3       58%         4
 Animate Dead             Necr           5%         N/A       83%         4
 Brom's Barrelling Bould  Conj/Erth      5%         2d3       83%         4
 Dispel Undead            Necr           5%         3d7       83%         4
 Petrify                  Tmut/Erth      5%         N/A       83%         4
 Fireball                 Conj/Fire      4%         3d4       90%         5
 Agony                    Necr           5%         N/A       99%         5
 Arcjolt                  Conj/Air       2%         1d12      99%         5
 Borgnjor's Vile Clutch   Necr/Erth      2%         N/A       99%         5
 Iskenderun's Battlesphe  Conj           5%         2d6       99%         5
 Lee's Rapid Deconstruct  Erth           2%         3d5*      99%         5
 Summon Cactus Giant      Summ           18%        N/A       19%         6
 Dispersal                Tloc           16%        N/A       26%         6
 Monstrous Menagerie      Summ           18%        N/A       69%         7
 Malign Gateway           Summ/Tloc      17%        N/A       75%         7
 Enfeeble                 Hex            15%        N/A       91%         7
 Bombard                  Conj/Erth      2%         9d1       100%        6
 Conjure Ball Lightning   Conj/Air       2%         3x3d6     100%        6
 Death Channel            Necr           2%         N/A       100%        6
 Eringya's Noxious Bog    Tmut/Pois      2%         4d6       100%        6
 Plasma Beam              Fire/Air       4%         2x1d14    100%        6
 Simulacrum               Ice/Necr       2%         N/A       100%        6
 Haunt                    Necr/Summ      10%        N/A       100%        7
 Orb of Destruction       Conj           2%         9d5       100%        7
 Ozocubu's Refrigeration  Ice            2%         4d8       100%        7
 Spellforged Servitor     Conj/Summ      10%        N/A       100%        7
 Borgnjor's Revivificati  Necr           2%         N/A       100%        8
 Lehudib's Crystal Spear  Conj/Erth      2%         10d2      100%        8
 Maxwell's Capacitive Co  Air            2%         ∞         100%        8
 Summon Horrible Things   Summ           18%        N/A       100%        8
 Death's Door             Necr           2%         N/A       100%        9


Dungeon Overview and Level Annotations

Branches:
Dungeon (15/15)            Temple (1/1) D:4            Lair (5/5) D:10
  Swamp (4/4) Lair:2        Snake (4/4) Lair:3        Slime (5/5) Lair:4
    Orc (2/2) D:11            Elf (3/3) Orc:2        Vaults (5/5) D:14
  Crypt (0/3) Vaults:3     Depths (4/4) D:15            Zot (5/5) Depths:4
  Sewer (visited)           IceCv (visited)

Altars:
Ashenzari
Cheibriados
Dithmenos
Elyvilon
Fedhas
Gozag
Hepliaklqana
Kikubaaqudgha
Makhleb
Nemelex Xobeh
Okawaru
Qazlal
Ru
Sif Muna
Trog
Uskayaw
Vehumet
Wu Jian
Xom
Yredelemnul
Zin
The Shining One
Jiyva
Lugonu

Shops:
D:8 !   D:9 :?!:!   D:12 ?   D:13 *   Orc:2 **(*   Snake:1 *   Vaults:4 *
Depths:1 :   Depths:3 [*?(   Depths:4 =

Portals:
Hell: Depths:1 Depths:2 Depths:3 Depths:4
Abyss: D:3 Depths:3
Pandemonium: Depths:2 Depths:4
Ziggurat: Depths:4
Trove: Vaults:1 (give 2 scrolls of acquirement)

Annotations:
D:3 2 runed translucent doors
Lair:2 3 runed translucent doors, Kikiss's ghost, adept DrSh
Swamp:2 1 runed translucent door, LadyBoffin's ghost, adept BaFi
Snake:4 2 transporters, Ocy Usko's ghost, adept TeAE
Vaults:1 1 runed translucent door
Vaults:2 6 runed translucent doors


Innate Abilities, Weirdness & Mutations

Your life essence is reduced to manifest your ancestor. (-10% HP)
You are amphibious.
You cover ground slowly.
You can hop long distances.
You have an extended range of vision and can be seen from far away.
You have a pair of small horns on your head.
You are agile. (Dex +4, Str/Int -1)
Armour fits poorly on your strangely shaped body.
Your magical capacity is low. (-10% MP)
You are strong-willed. (Will+)
You occasionally shout uncontrollably at your foes.


Message History

The Brimstone Fiend barely misses Biggus Dickus.
You shoot an arrow. The arrow hits the Brimstone Fiend!
The Brimstone Fiend is almost dead.
Biggus Dickus hits the Brimstone Fiend with a +0 broad axe of speed!
You shoot an arrow. The arrow hits the Brimstone Fiend.
The Brimstone Fiend is almost dead.
The Brimstone Fiend closely misses you.
The Brimstone Fiend hits you but does no damage. x2
Biggus Dickus hits the Brimstone Fiend with a +0 broad axe of speed!
The Brimstone Fiend dies!
You shoot an arrow. The arrow hits the Orb Guardian!
The arrow burns the Orb Guardian!
The Orb Guardian is moderately wounded.
Biggus Dickus hits the Orb Guardian with a +0 broad axe of speed.
You shoot an arrow. The arrow hits the Orb Guardian!!
The arrow burns the Orb Guardian!
The Orb Guardian is severely wounded.
The Orb Guardian hits you!
Biggus Dickus hits the Orb Guardian with a +0 broad axe of speed!!
The Orb Guardian dies!
You feel your dexterity returning.
You take 12 damage, and have 166/218 hp.
No target in view!
No target in view!
What level of the Dungeon? (default 1, ? - help)
There is a stone staircase leading up, spattered with blood here.
You climb upwards.
There is a stone staircase leading down here.
You see here a +0 whip.
There is a stone staircase leading up here.
Biggus Dickus is no longer moving quickly.
You climb upwards.
There is a stone staircase leading down here.
You regained 16 hp, and now have 182/218 hp.
There is an open door here.
There is an open door here.
There is an open door here.
There is a staircase leading out of the dungeon here.
You regained 15 hp, and now have 197/218 hp.
You have escaped!

........................'.....'..
#.#########+#.###.#.#####.....#..
#.# #.'.....'.# #######.. #.#####
###.#######.### #...
......###......'......### #.##
##...#.#..#.#+#####.#...######.#
##..#..#.##.#.....'.#...'...##.##
...#.....####....R###...###.##...
..#..).#..')#..>@.#.'.#.....#####
##..##)..##+#.....#'###'#..##
##..##...##.#.....'.##.....######
..#..^....#.#######.##...........
)..#......'....#..........######.
##..#....##.#######.##....# ##..
##...#.#.##.'.....+.####+## ##..#
......##..#.#.###.#'####+####..##
#....+..............#.........##


You could see the friendly Biggus Dickus the knight (reflecting).

Vanquished Creatures
  the Royal Jelly (Slime:5)
  A dread lich (Zot:5)
  2 ancient liches
  2 orbs of fire
  Mennas (Vaults:5)
  10 Killer Klowns
  the Lernaean hydra (Swamp:4)
  A pandemonium lord (Zot:5)
  Xtahua (Vaults:2)
  A curse toe (Zot:4)
  3 caustic shrikes (Depths:4)
  Vashnia (Snake:2)
  6 golden dragons
  Nikola (Depths:1)
  Norris (Vaults:1)
  2 bone dragons
  Jory (Vaults:5)
  2 Tzitzimimeh
  2 electric golems (Zot:5)
  Rupert (Lair:5)
  Jorgrun (Swamp:2)
  A Hell Sentinel (Abyss:3)
  Asterion (Vaults:1)
  22 tentacled monstrosities
  22 Orb Guardians
  11 titans (Vaults:5)
  A deep elf master archer (Elf:3)
  2 deep elf blademasters
  2 sphinxes (Vaults:3)
  2 walking frostbound tomes (Depths:4)
  5 quicksilver dragons
  10 acid blobs
  The ghost of Konionua the Bewitcher, an adept KoEn of Dithmenos (Vaults:2)
  8 death cobs
  Frances (D:14)
  4 draconian monks
  4 shadow dragons
  2 tengu reavers
  7 nagarajas
  Agnes (Snake:1)
  5 azure jellies
  5 draconian knights
  13 storm dragons
  The ghost of Umpaher the Impaler, an adept DsGl of Gozag (Elf:1)
  Roxanne (Swamp:3)
  4 rockslimes (Slime:5)
  6 fire giants
  A fenstrider witch (Swamp:4)
  A daeva (Zot:5)
  15 vault wardens
  2 balrugs
  4 deep elf sorcerers (Elf:3)
  Louise (D:14)
  10 frost giants
  4 draconian scorchers
  5 ghost moths
  8 draconian shifters
  5 draconian stormcallers
  2 angels
  A cacodemon (Elf:1)
  2 deep elf elementalists
  16 ironbound preservers
  2 orc warlords
  A draconian annihilator (Depths:4)
  4 war gargoyles
  9 quicksilver oozes
  20 very ugly things
  4 formless jellyfish
  3 grey draconians
  4 eleionomae
  14 stone giants
  8 spark wasps
  2 vampire knights
  4 ironbound thunderhulks
  8 black draconians
  9 green draconians
  5 deep elf demonologists
  2 dire elephants
  8 white draconians
  12 purple draconians
  5 yellow draconians
  6 bunyips
  9 deep elf annihilators
  8 red draconians
  A minotaur (D:12)
  6 deep elf death magi
  An eidolon (Abyss:3)
  A blizzard demon (Abyss:3)
  A green death (D:14)
  5 ettins
  Josephine (Lair:4)
  A crystal guardian (Vaults:3)
  An entropy weaver (shapeshifter) (Elf:1)
  5 fire dragons
  An entropy weaver (Vaults:1)
  9 yaktaur captains
  6 deep elf high priests
  5 salamander tyrants
  39 vault guards
  22 hydras
  10 great orbs of eyes
  3 rakshasas (Depths:1)
  9 ice dragons
  4 ogre magi
  3 peacekeepers (Vaults:3)
  8 ironbound frosthearts
  2 catoblepae
  11 boulder beetles
  15 centaur warriors
  2 ghost crabs
  8 alligators
  A spriggan air mage (Swamp:3)
  5 anacondas
  A death knight (D:14)
  4 deep troll shamans
  7 naga warriors
  14 two-headed ogres
  16 dancing weapons
  A tengu warrior (Depths:1)
  3 deep troll earth magi
  5 spriggan berserkers
  3 occultists
  4 orc high priests (Orc:2)
  A thrashing horror (Abyss:3)
  The ghost of DoNotCum the Thaumaturge, a journeyman DECj of Vehumet (D:12)
  14 deep elf knights
  5 sun demons (Depths:3)
  8 hell knights
  12 spriggans
  6 shock serpents
  A skyshark (shapeshifter) (Elf:1)
  20 naga sharpshooters
  A fire crab (shapeshifter) (D:14)
  3 fire crabs (Lair:5)
  7 skysharks
  6 iron trolls
  6 salamander mystics
  A skeletal warrior (D:14)
  2 wretched stars (Abyss:3)
  4 goliath frogs
  4 spriggan druids (Swamp:3)
  2 sixfirhies
  11 swamp dragons
  A glowing orange brain (Vaults:4)
  40 deep trolls
  4 deep elf archers
  11 bog bodies
  6 arcanists
  3 naga ritualists
  3 phantasmal warriors
  12 lindwurms
  21 deep elf pyromancers
  18 ironbound convokers
  8 orc knights
  23 deep elf zephyrmancers
  5 necromancers
  3 mana vipers
  Pikel (D:4)
  4 orc sorcerers
  4 harpies (Vaults:2)
  2 manticores (D:13)
  A wolf spider (D:15)
  34 ugly things
  5 shining eyes
  16 salamanders
  A will-o-the-wisp (Swamp:3)
  A moth of wrath (shapeshifter) (Elf:3)
  6 cyclopes
  3 elephants
  3 draconians (Abyss:3)
  A torpor snail (Lair:1)
  3 ice statues (IceCv)
  17 vault sentinels
  28 moths of wrath
  3 smoke demons
  2 guardian serpents
  18 cane toads
  22 black mambas
  An orange demon (D:7)
  An apocalypse crab (Abyss:3)
  4 eyes of devastation
  10 naga magi
  A gargoyle (D:13)
  2 hellions
  3 rime drakes
  A kobold demonologist (D:12)
  5 komodo dragons
  A yaktaur (shapeshifter) (Elf:1)
  Psyche (D:12)
  An ice devil (Abyss:3)
  3 freezing wraiths
  A tormentor (D:15)
  11 yaktaurs
  4 trolls
  A polar bear (D:15)
  2 ancient zymes (Abyss:3)
  A bloated husk (Swamp:1)
  A merfolk (shapeshifter) (Elf:3)
  2 hellwings (D:3)
  10 tyrant leeches
  6 hornets
  A tarantella (Vaults:1)
  2 raiju (Abyss:3)
  17 blink frogs
  A glass eye (Slime:5)
  2 air elementals
  57 slime creatures
  2 flying skulls (Abyss:3)
  5 centaur simulacra
  10 water elementals
  A wyvern (Lair:1)
  A vampire (D:13)
  4 wraiths
  3 small abominations
  2 shadows
  44 yaks
  A naga simulacrum (Abyss:3)
  A dire elephant simulacrum (IceCv)
  A steam dragon (D:8)
  2 neqoxecs (Abyss:3)
  A fire elemental (Elf:2)
  2 golden eyes (Slime:5)
  4 basilisks
  17 vampire mosquitoes
  7 redbacks
  A death yak simulacrum (IceCv)
  14 swamp worms
  2 wargs
  A large abomination (Abyss:3)
  3 acid dragons
  32 nagas
  20 water moccasins
  A hydra simulacrum (IceCv)
  8 swamp drakes
  An ice beast (D:15)
  35 orc warriors
  5 black bears
  8 ogres
  6 wolves
  2 boggarts (Vaults:2)
  15 centaurs
  A lemure (D:4)
  5 kobold brigands
  17 bullfrogs
  An earth elemental (Elf:1)
  A gnoll sergeant (D:11)
  9 scorpions
  9 wights
  An elephant simulacrum (IceCv)
  4 killer bees
  3 electric eels
  A jelly (D:6)
  A quasit (Abyss:3)
  5 hounds
  22 orc priests
  24 orc wizards
  A sleepcap (D:5)
  Ijyb (D:5)
  An iguana (shapeshifter) (Elf:1)
  5 iguanas
  A boggart simulacrum (D:15)
  18 adders
  13 gnolls
  5 river rats (Sewer)
  3 white imps
  3 ufetubi
  3 worms
  4 dart slugs
  98 orcs
  17 ball pythons
  6 bats
  5 endoplasms
  2 giant cockroaches (D:3)
  4 goblins
  9 hobgoblins
  6 jackals
  4 quokkas
  A bat (shapeshifter) (Vaults:5)
  8 frilled lizards
  21 kobolds
  24 rats
  A creeping inferno (Zot:1)
  2 fire vortices (Zot:1)
  A lurking horror (Abyss:3)
1886 creatures vanquished.

Vanquished Creatures (collateral kills)
  3 orbs of fire (Zot:5)
  Mara (Snake:4)
  A caustic shrike (Depths:4)
  Margery (Vaults:5)
  2 golden dragons
  A Brimstone Fiend (D:3)
  6 tentacled monstrosities
  A walking crystal tome (Depths:4)
  Mlioglotl (Snake:2)
  A deep elf master archer (Elf:3)
  2 titans (Vaults:5)
  A sphinx (Vaults:4)
  6 death cobs
  7 Orb Guardians
  6 acid blobs
  A thorn hunter (Swamp:4)
  A draconian monk (Abyss:3)
  3 storm dragons
  A tengu reaver (Vaults:5)
  Aizul (Snake:1)
  2 shadow dragons
  6 rockslimes
  A nagaraja (Snake:4)
  3 deep elf sorcerers
  2 draconian knights
  8 fire giants
  2 vault wardens
  An iron dragon (Vaults:5)
  4 frost giants
  4 ghost moths
  2 draconian scorchers
  2 draconian shifters (Zot:1)
  2 deep elf elementalists (Elf:3)
  A draconian annihilator (Zot:1)
  An orc warlord (Vaults:2)
  2 cacodemons
  A stone giant (Depths:3)
  4 ironbound preservers
  6 very ugly things
  2 quicksilver oozes (Slime:5)
  2 grey draconians
  2 green draconians
  A black draconian (Zot:5)
  5 purple draconians
  A red draconian (Zot:1)
  2 spark wasps (Depths:3)
  An eleionoma (Swamp:2)
  2 white draconians (Zot:2)
  A bunyip (Swamp:2)
  2 deep elf annihilators (Vaults:5)
  A lorocyproca (Zot:5)
  A yellow draconian (Zot:2)
  3 deep elf death magi
  2 ettins
  4 yaktaur captains
  2 great orbs of eyes
  A deep elf high priest (Elf:3)
  A rakshasa (Depths:1)
  An entropy weaver (shapeshifter) (D:9)
  5 vault guards
  3 hydras
  3 ironbound frosthearts
  An ogre mage (Vaults:5)
  A centaur warrior (D:14)
  A spriggan air mage (Depths:1)
  7 dancing weapons (Elf:2)
  A naga warrior (Snake:2)
  4 deep troll earth magi
  2 two-headed ogres
  A deep troll shaman (Depths:1)
  An orc high priest (Orc:2)
  An occultist (Depths:3)
  2 spriggan berserkers (Depths:1)
  5 hell knights (Depths:2)
  A shock serpent (Snake:4)
  2 salamander mystics
  A sun demon (Depths:3)
  5 deep elf knights
  An iron troll (Depths:1)
  3 glowing orange brains
  16 deep trolls
  2 goliath frogs
  A flayed ghost (Depths:2)
  A bog body (Swamp:4)
  3 phantasmal warriors
  2 ironbound convokers
  3 lindwurms
  5 orc knights
  4 deep elf zephyrmancers
  An arcanist (Vaults:1)
  2 deep elf pyromancers (Elf:1)
  A necromancer (Depths:2)
  2 will-o-the-wisps
  7 ugly things
  4 salamanders
  A cyclops (D:12)
  4 draconians (Abyss:3)
  A moth of wrath (Zot:3)
  An elephant (Lair:3)
  2 vault sentinels
  A guardian serpent (Snake:4)
  A black mamba (Snake:1)
  A black mamba (shapeshifter) (Elf:1)
  A naga mage (Snake:3)
  A gargoyle (D:13)
  An unseen horror (shapeshifter) (Elf:1)
  3 cane toads
  2 unseen horrors
  3 hellions
  2 komodo dragons
  2 yaktaurs
  A tengu conjurer (D:13)
  2 rime drakes
  A freezing wraith (Abyss:3)
  A meliai (D:13)
  2 trolls
  3 tyrant leeches
  5 blink frogs
  A hornet (Swamp:3)
  A raiju (Abyss:3)
  4 slime creatures
  A spriggan (Swamp:3)
  A culicivora (shapeshifter) (Elf:1)
  A shadow (D:9)
  An air elemental (Elf:3)
  2 wraiths
  A dire elephant simulacrum (IceCv)
  A water elemental (Depths:4)
  12 yaks
  A wyvern (Lair:4)
  2 basilisks
  A steam dragon (Lair:1)
  2 vampire mosquitoes
  A death yak simulacrum (IceCv)
  A redback (D:14)
  A neqoxec (Abyss:3)
  A swamp worm (Lair:2)
  2 nagas
  7 orc warriors
  9 water moccasins
  A swamp drake (Lair:2)
  A sky beast (D:7)
  A black bear (D:10)
  An ice beast (D:7)
  A boggart (Vaults:2)
  A centaur (shapeshifter) (Elf:1)
  4 wolves
  A kobold brigand (D:9)
  2 bullfrogs
  A small abomination (Abyss:3)
  An earth elemental (Elf:2)
  2 gnoll sergeants
  A cane toad simulacrum (IceCv)
  3 wights (D:8)
  A killer bee (D:8)
  3 electric eels (D:6)
  2 howler monkeys
  5 orc priests
  An iguana (D:6)
  3 orc wizards
  2 polar bear simulacra (IceCv)
  An ancestor (D:6)
  A gnoll (D:11)
  3 adders
  A shadow imp (D:7)
  3 ufetubi
  23 orcs
  2 kobolds
411 creatures vanquished.

Vanquished Creatures (others)
  A draconian scorcher (Zot:1)
  2 stone giants
  A yaktaur captain (Vaults:5)
  An occultist (Depths:3)
  An ugly thing (Depths:2)
  2 yaktaurs
  2 spriggans (Depths:3)
  36 knights
  15 ancestors
  A kobold (D:12)
  10 foxfires
  A lurking horror (Abyss:3)
73 creatures vanquished.

Grand Total: 2370 creatures vanquished

Notes
Turn   | Place    | Note
-------+----------+-------------------------------------------
     0 | D:1      | Ofeo the Barachi Hexslinger began the quest for the Orb.
     0 | D:1      | Reached XP level 1. HP: 15/15 MP: 2/2
    56 | D:1      | Reached XP level 2. HP: 15/21 MP: 3/3
   409 | D:1      | Reached XP level 3. HP: 27/27 MP: 5/5
  1622 | D:2      | Reached XP level 4. HP: 33/33 MP: 6/6
  1781 | D:3      | Found a large runed translucent door.
  1781 | D:3      | Found a large runed translucent door.
  1781 | D:3      | Found a corrupted altar of Lugonu.
  1961 | D:2      | Learned a level 2 spell: Jinxbite
  1965 | D:2      | Learned a level 3 spell: Sigil of Binding
  2081 | D:3      | Identified a scroll of acquirement
  2082 | D:3      | Acquired a +2 pair of gloves of strength
  2229 | D:3      | Found a glowing drain.
  2249 | D:3      | Reached XP level 5. HP: 32/39 MP: 4/8
  2258 | Sewer    | Entered a sewer
  2639 | Sewer    | Reached skill level 3 in Ranged Weapons
  2639 | Sewer    | Reached XP level 6. HP: 37/47 MP: 9/9
  3081 | D:3      | Found a broken altar of Ashenzari.
  3289 | D:3      | Found a one-way gate to the infinite horrors of the Abyss.
  3635 | D:4      | Noticed a black bear
  3667 | D:4      | Reached XP level 7. HP: 49/52 MP: 11/11
  3732 | D:4      | Upgraded the game from 0.31-a0-977-gc230f8ef24 to
                  | 0.31-a0-981-geadf994542
  3760 | D:4      | Learned a level 3 spell: Inner Flame
  3765 | D:4      | Learned a level 4 spell: Cause Fear
  3833 | D:4      | Noticed Pikel
  3866 | D:4      | Killed Pikel
  3867 | D:4      | Reached skill level 6 in Ranged Weapons
  3867 | D:4      | Reached XP level 8. HP: 8/60 MP: 9/12
  4213 | D:4      | Found a staircase to the Ecumenical Temple.
  4223 | D:4      | Upgraded the game from 0.31-a0-981-geadf994542 to
                  | 0.31-a0-986-g5e6e4ef867
  4708 | Temple   | Entered the Ecumenical Temple
  4724 | Temple   | Became a worshipper of Hepliaklqana the Forgotten
  4831 | D:4      | Found a stormy altar of Qazlal.
  5141 | D:5      | Entered Level 5 of the Dungeon
  5571 | D:4      | Acquired the ring "Wanuv" {rPois rF+++ MP-9 Dex+6}
  5615 | D:5      | Reached skill level 7 in Ranged Weapons
  5766 | D:5      | Reached skill level 8 in Ranged Weapons
  6225 | D:5      | Reached XP level 9. HP: 65/65 MP: 4/13
  6260 | D:5      | Noticed Ijyb
  6269 | D:5      | Paralysed by Ijyb for 5 turns
  6285 | D:5      | Killed Ijyb
  6286 | D:5      | Reached skill level 9 in Ranged Weapons
  6737 | D:6      | Reached * piety under Hepliaklqana
  6814 | D:6      | Reached skill level 10 in Ranged Weapons
  6881 | D:6      | Found a sacrificial altar of Ru.
  7139 | D:6      | Found a white marble altar of Elyvilon.
  7957 | D:6      | Reached skill level 11 in Ranged Weapons
  8043 | D:7      | Found a radiant altar of Vehumet.
  8059 | D:7      | Found a hide-covered altar of Uskayaw.
  8541 | D:7      | Reached ** piety under Hepliaklqana
  8689 | D:7      | Reached skill level 12 in Ranged Weapons
  8689 | D:7      | Reached XP level 10. HP: 63/63 MP: 5/14
  9453 | D:8      | Reached skill level 13 in Ranged Weapons
  9983 | D:8      | Found a snail-covered altar of Cheibriados.
  9984 | D:8      | Found the +2 ratskin cloak {*Rats rPois rN+ Str-1 Int-1
                  | Dex+1}
 10026 | D:8      | Identified the +7 hand axe "Zobat" {flame, rC+ Dex+3}
 10120 | D:8      | Found an ancient bone altar of Kikubaaqudgha.
 10161 | D:8      | Found Vesepi's Distillery.
 10164 | D:8      | Bought 2 potions of enlightenment for 100 gold pieces
 10164 | D:8      | Bought a potion of mutation for 80 gold pieces
 10164 | D:8      | Bought a potion of heal wounds for 50 gold pieces
 10164 | D:8      | Bought a potion of cancellation for 80 gold pieces
 10164 | D:8      | Bought a potion of attraction for 30 gold pieces
 10192 | D:8      | Reached skill level 16 in Ranged Weapons
 10192 | D:8      | Reached XP level 11. HP: 68/68 MP: 6/15
 10312 | D:9      | Noticed an arcanist
 10326 | D:9      | Killed an arcanist
 10327 | D:9      | Reached skill level 1 in Invocations
 10338 | D:9      | Noticed a cyclops
 10509 | D:9      | Killed a cyclops
 10516 | D:9      | Noticed a centaur warrior
 10541 | D:9      | Killed a centaur warrior
 10709 | D:9      | Noticed a white ugly thing
 10729 | D:8      | Reached skill level 5 in Dodging
 10863 | D:9      | Found Poraixta's Book Shop.
 10872 | D:9      | Reached skill level 5 in Fighting
 10881 | D:9      | Found Moecanay's Magic Scroll Shoppe.
 10893 | D:9      | Bought a scroll of revelation for 112 gold pieces
 10950 | D:9      | Paralysed by a centaur for 2 turns
 11089 | D:9      | Noticed a two-headed ogre
 11095 | D:9      | Killed a two-headed ogre
 11096 | D:9      | Reached XP level 12. HP: 77/77 MP: 7/16
 11189 | D:9      | Noticed a seven-headed hydra
 11372 | D:9      | Killed a seven-headed hydra
 11427 | D:9      | Found the +5 demon whip "Spellbinder" {antimagic, disrupt,
                  | Will+}
 11526 | D:9      | Found Qoapic's Book Shoppe.
 11552 | D:9      | Found Xyroraj's Distillery.
 11758 | D:9      | Found Oteajot's Distillery.
 12000 | D:9      | Reached *** piety under Hepliaklqana
 12128 | D:9      | Noticed an entropy weaver
 12139 | D:9      | Killed an entropy weaver
 12140 | D:9      | Reached skill level 5 in Invocations
 12235 | D:10     | Entered Level 10 of the Dungeon
 12897 | D:10     | Noticed a two-headed ogre
 12904 | D:10     | Killed a two-headed ogre
 13026 | D:10     | Found a staircase to the Lair.
 13282 | D:11     | Noticed a two-headed ogre
 13291 | D:10     | Remembered your ancestor Biggus Dickus as a knight
 13547 | D:11     | Killed a two-headed ogre
 13661 | D:11     | Found a staircase to the Orcish Mines.
 14435 | Lair:2   | Identified the of Qalluaru
 14435 | Orc:1    | Entered Level 1 of the Orcish Mines
 14435 | Orc:1    | Noticed an orc warlord
 14452 | D:11     | Gained mutation: You can hop long distances. [Barachi
                  | growth]
 14452 | D:11     | Reached XP level 13. HP: 88/88 MP: 9/18
 14638 | Lair:1   | Entered Level 1 of the Lair of Beasts
 14638 | Lair:1   | Reached **** piety under Hepliaklqana
 16224 | Lair:2   | Found a staircase to the Swamp.
 17265 | Lair:2   | Reached skill level 10 in Invocations
 17312 | Lair:2   | Reached ***** piety under Hepliaklqana
 17489 | Lair:2   | Noticed Kikiss's ghost (adept DrSh)
 17489 | Lair:2   | Found a runed translucent gate.
 17490 | Lair:2   | Found a runed translucent gate.
 17491 | Lair:2   | Found a runed translucent gate.
 17497 | Lair:2   | Reached skill level 10 in Fighting
 18394 | Lair:3   | Reached skill level 1 in Evocations
 18448 | Lair:3   | Reached XP level 14. HP: 95/99 MP: 12/21
 18543 | Lair:3   | Found a staircase to the Snake Pit.
 19654 | Lair:4   | Reached skill level 10 in Dodging
 19710 | Lair:4   | Noticed Josephine
 19733 | Lair:4   | Killed Josephine
 20078 | Lair:4   | Found a staircase to the Slime Pits.
 20079 | Lair:4   | Found a viscous altar of Jiyva.
 20743 | Lair:5   | Entered Level 5 of the Lair of Beasts
 21751 | Lair:4   | Reached skill level 5 in Evocations
 22576 | Lair:5   | Identified the staff of Nemelex Xobeh's Fury {rElec rC+
                  | Will+ Int+3 Stlth- Air}
 22851 | Lair:5   | Noticed Rupert
 22868 | Lair:5   | Killed Rupert
 22869 | Lair:5   | Reached XP level 15. HP: 109/109 MP: 13/22
 23337 | Lair:5   | Learned a level 3 spell: Summon Guardian Golem
 23342 | Lair:5   | Learned a level 4 spell: Leda's Liquefaction
 23607 | D:11     | Killed an orc warlord
 23743 | Orc:1    | Noticed an orc warlord
 23810 | Orc:1    | Killed an orc warlord
 24184 | Orc:2    | Entered Level 2 of the Orcish Mines
 24283 | Orc:2    | Reached ****** piety under Hepliaklqana
 24337 | Orc:2    | Found a staircase to the Elven Halls.
 25803 | Orc:2    | Reached skill level 17 in Ranged Weapons
 25919 | Orc:2    | Found Noladietz's Assorted Antiques.
 25919 | Orc:2    | Found Ujuocumn's General Store.
 25920 | Orc:2    | Found Zelis's Weapon Emporium.
 25920 | Orc:2    | Found Nusurei's Assorted Antiques.
 26053 | Orc:2    | Bought a scroll of acquirement for 1560 gold pieces
 26057 | Orc:2    | Acquired the +5 longbow of the Pharaoh's Fist {flame, rElec
                  | rF+ rCorr Str+3 Int-4}
 26315 | D:12     | Found a runed translucent gate.
 26315 | D:12     | Found a runed translucent gate.
 26315 | D:12     | Found a runed translucent gate.
 26347 | D:12     | Noticed DoNotCum's ghost (journeyman DECj)
 26363 | D:12     | Found Hamell's Magic Scroll Shoppe.
 26392 | D:12     | Bought 2 scrolls of poison for 128 gold pieces
 26452 | D:12     | Noticed Psyche
 26466 | D:12     | Killed Psyche
 26542 | D:12     | Acquired 1017 gold pieces
 26678 | D:12     | Bought a scroll of acquirement for 832 gold pieces
 26683 | D:12     | Acquired a +0 hat of willpower
 26779 | D:13     | Found a frozen archway.
 26849 | IceCv    | Entered an ice cave
 27065 | IceCv    | Identified the amulet "Fier" {RegenMP rCorr Int+3 Stlth+}
 27196 | D:13     | Reached XP level 16. HP: 107/119 MP: 23/23
 27929 | D:13     | Reached skill level 18 in Ranged Weapons
 27930 | D:13     | Found Dunuah's Fire Supplies.
 28373 | D:14     | Found a gate to the Vaults.
 28525 | D:14     | Noticed Louise
 28539 | D:14     | Killed Louise
 28540 | D:14     | Reached skill level 15 in Fighting
 29027 | D:14     | Noticed Frances
 29036 | D:14     | Killed Frances
 29230 | D:15     | Entered Level 15 of the Dungeon
 29548 | D:15     | Identified the +2 robe of Nakhliolo {Rampage rCorr Dex-5}
 29739 | D:15     | Reached skill level 19 in Ranged Weapons
 30001 | D:15     | Reached XP level 17. HP: 127/127 MP: 24/24
 30015 | D:15     | Found a staircase to the Depths.
 30143 | D:15     | Found an opulent altar of Gozag.
 30469 | Snake:1  | Entered Level 1 of the Snake Pit
 30645 | Snake:1  | Noticed Agnes
 30654 | Snake:1  | Killed Agnes
 31292 | Snake:1  | Found Xoskay's Assorted Antiques.
 31634 | Snake:1  | Identified the serpent talisman of Parlour Games {Fly
                  | Dex+2}
 31634 | Snake:1  | Noticed Aizul
 31641 | Snake:1  | Killed Aizul
 32011 | Snake:2  | Noticed Vashnia
 32319 | Snake:2  | Killed Vashnia
 32324 | Snake:2  | Reached skill level 15 in Dodging
 32739 | Snake:2  | Noticed Mlioglotl
 32744 | Snake:2  | Killed Mlioglotl
 33246 | Snake:2  | Reached skill level 20 in Ranged Weapons
 33393 | Snake:3  | Learned a level 3 spell: Frozen Ramparts
 33985 | Snake:4  | Entered Level 4 of the Snake Pit
 34027 | Snake:4  | Reached skill level 5 in Spellcasting
 34027 | Snake:4  | Reached XP level 18. HP: 130/138 MP: 25/25
 34034 | Snake:4  | Noticed Mara
 34043 | Snake:4  | Noticed Ofeo's illusion
 34045 | Snake:4  | Killed Mara
 34339 | Snake:4  | Identified the +1 scale mail of the Butcher {rPois SInv
                  | Stlth+}
 35171 | Snake:4  | Noticed a quicksilver dragon
 35179 | Snake:4  | Killed a quicksilver dragon
 35383 | Snake:4  | Found a transporter.
 35413 | Snake:4  | Found a bloodstained altar of Trog.
 35413 | Snake:4  | Noticed Ocy Usko's ghost (adept TeAE)
 35430 | Snake:4  | Found a transporter.
 35794 | Snake:4  | Got a serpentine rune of Zot
 36090 | Swamp:1  | Entered Level 1 of the Swamp
 36835 | Swamp:2  | Found a runed translucent door.
 36867 | Swamp:2  | Noticed LadyBoffin's ghost (adept BaFi)
 37088 | Swamp:2  | Learned a level 4 spell: Dimensional Bullseye
 37094 | Swamp:2  | Learned a level 5 spell: Summon Forest
 37301 | Swamp:2  | Reached skill level 1 in Armour
 37322 | Swamp:2  | Noticed Jorgrun
 37328 | Swamp:2  | Killed Jorgrun
 37333 | Swamp:2  | Reached skill level 1 in Translocations
 37342 | Swamp:2  | Reached skill level 5 in Hexes
 37724 | Swamp:3  | Noticed Roxanne
 37739 | Swamp:3  | Killed Roxanne
 37791 | Swamp:3  | Reached XP level 19. HP: 148/148 MP: 31/31
 38325 | Swamp:4  | Entered Level 4 of the Swamp
 38565 | Swamp:4  | Reached skill level 5 in Armour
 39114 | Swamp:4  | Noticed the 27-headed Lernaean hydra
 39123 | Swamp:4  | Killed the 27-headed Lernaean hydra
 39244 | Swamp:4  | Got a decaying rune of Zot
 39645 | Vaults:1 | Entered Level 1 of the Vaults
 39777 | Vaults:1 | Noticed Norris
 39789 | Vaults:1 | Killed Norris
 39964 | Vaults:1 | Reached skill level 5 in Translocations
 40177 | Vaults:1 | Found a runed translucent door.
 40289 | Vaults:1 | Found a portal to a secret trove of treasure.
 40458 | Vaults:1 | Reached XP level 20. HP: 146/156 MP: 32/32
 41001 | Vaults:1 | Noticed Asterion
 41026 | Vaults:1 | Killed Asterion
 41718 | Vaults:2 | Found a large runed translucent door.
 41718 | Vaults:2 | Found a large runed translucent door.
 41718 | Vaults:2 | Found a large runed translucent door.
 41718 | Vaults:2 | Found a large runed translucent door.
 41718 | Vaults:2 | Noticed Konionua's ghost (adept KoEn)
 41719 | Vaults:2 | Found a large runed translucent door.
 41719 | Vaults:2 | Found a large runed translucent door.
 41719 | Vaults:2 | Found a large runed translucent door.
 41719 | Vaults:2 | Found a large runed translucent door.
 41875 | Vaults:2 | Reached skill level 10 in Armour
 42268 | Vaults:2 | Noticed Xtahua
 42278 | Vaults:2 | Killed Xtahua
 43696 | Vaults:3 | Reached XP level 21. HP: 164/164 MP: 33/33
 43750 | Vaults:3 | Noticed a bone dragon
 43770 | Vaults:3 | Killed a bone dragon
 44310 | Vaults:3 | Found a staircase to the Crypt.
 44616 | Vaults:4 | Reached skill level 1 in Stealth
 44657 | Vaults:4 | Gained mutation: You are frail. (-10% HP) [mutagenic glow]
 44670 | Vaults:4 | Gained mutation: Your skin changes colour to match your
                  | surroundings (Stealth+). [mutagenic glow]
 44688 | Vaults:4 | Gained mutation: You occasionally lose the ability to read
                  | scrolls when taking damage. [mutagenic glow]
 44746 | Vaults:4 | Lost mutation: Your skin changes colour to match your
                  | surroundings (Stealth+). [potion of mutation]
 44746 | Vaults:4 | Lost mutation: You occasionally lose the ability to read
                  | scrolls when taking damage. [potion of mutation]
 44746 | Vaults:4 | Gained mutation: You are partially covered in iridescent
                  | scales. (AC +2) [potion of mutation]
 44746 | Vaults:4 | Gained mutation: You have large cloven feet. [potion of
                  | mutation]
 45084 | Vaults:4 | Reached skill level 10 in Hexes
 45452 | Vaults:4 | Found Kuegeg's General Store.
 46287 | Vaults:5 | Identified the "Zoekhlios"
 46287 | Vaults:5 | Identified the "Efueten"
 46287 | Crypt:3  | Identified the "Neep"
 46287 | Elf:1    | Identified the "Qitiyqet"
 46287 | Elf:1    | Entered Level 1 of the Elven Halls
 46311 | Elf:1    | Reached skill level 5 in Stealth
 46682 | Elf:1    | Identified the +0 scale mail "Punguics" {Rampage rF+}
 46997 | Elf:1    | Found a runed translucent gate.
 46997 | Elf:1    | Found a runed translucent gate.
 46998 | Elf:1    | Found a runed translucent gate.
 47439 | Elf:1    | Reached XP level 22. HP: 115/155 MP: 34/34
 47651 | Elf:1    | Found a runed translucent gate.
 47651 | Elf:1    | Found a runed translucent gate.
 47660 | Elf:1    | Found a runed translucent gate.
 47660 | Elf:1    | Noticed Umpaher's ghost (adept DsGl)
 47721 | Elf:1    | Killed Umpaher's ghost
 48137 | D:9      | Bought a book of Cantrips for 132 gold pieces
 48139 | D:9      | Learned a level 1 spell: Apportation
 48355 | Elf:1    | Reached skill level 5 in Summonings
 48355 | Elf:1    | Reached XP level 23. HP: 160/160 MP: 35/35
 48360 | Elf:1    | Identified the +1 robe of the Playwright {rPois} (You found
                  | it on level 1 of the Elven Halls)
 48941 | Elf:2    | Found a runed translucent gate.
 48942 | Elf:2    | Found a runed translucent gate.
 48949 | Elf:2    | Found a runed translucent gate.
 49628 | Abyss:2  | Cast into level 2 of the Abyss (+1 eveningstar of
                  | distortion)
 49714 | Abyss:3  | Found a transporter.
 49716 | Abyss:3  | Got an abyssal rune of Zot
 49899 | Abyss:3  | Found a transporter.
 49940 | Abyss:3  | Found a transporter.
 50059 | Abyss:3  | Reached skill level 15 in Armour
 50074 | Elf:2    | Escaped the Abyss
 50388 | Elf:3    | Identified the "Uhosoeph"
 50388 | Elf:3    | Entered Level 3 of the Elven Halls
 50924 | Elf:3    | Paralysed by an air elemental for 1 turns
 50962 | Elf:3    | Reached skill level 10 in Stealth
 51182 | Elf:3    | Found the +6 lightning scales {swift, rElec}
 51183 | Elf:3    | Found the +27 heavy crossbow "Sniper" {heavy, Acc+∞ SInv}
 51231 | Elf:3    | Identified the staff "Keoliwin" {Drain rC++ Conj}
 51235 | Elf:3    | Identified the +5 chain mail of Feasting {Contam rPois rF+
                  | Int+3}
 51235 | Elf:3    | Identified the amulet "Doonotar" {Acrobat Rampage SInv}
 51288 | Elf:3    | Found the +4 Cigotuvi's embrace {Corpsefed rMiasma Drain
                  | rN+}
 51288 | Elf:3    | Found the +7 great mace "Firestarter" {flame, immolate,
                  | rFlCloud rF++}
 51319 | Elf:3    | Identified the +4 mace of Eshubeq {flame, rC+}
 51321 | Elf:3    | Identified the +3 falchion "Pojunking" {drain, rCorr
                  | Stlth+}
 51340 | Elf:3    | Identified the storm talisman "Ichos" {Str+3 Int-3 Dex+7}
 51411 | Elf:3    | Identified the +5 ring mail of the Devil's Advocate {Dex+3}
 51909 | Depths:1 | Entered Level 1 of the Depths
 52037 | Depths:1 | Reached XP level 24. HP: 162/168 MP: 35/35
 52863 | D:12     | Killed DoNotCum's ghost
 53008 | Vaults:2 | Killed Konionua's ghost
 53830 | Depths:1 | Found an ornate altar of the Wu Jian Council.
 53896 | Depths:1 | Found a gateway to Hell.
 53980 | Depths:1 | Found a blossoming altar of Fedhas.
 53997 | Depths:1 | Noticed Nikola
 54005 | Depths:1 | Killed Nikola
 54092 | Depths:1 | Found Pih Duju's Tiny Tomes.
 55296 | Depths:2 | Found a one-way gate leading to the halls of Pandemonium.
 55585 | Depths:3 | Found Ujanif's General Store.
 55587 | Depths:3 | Found Puvafome's Weapon Shop.
 55587 | Depths:3 | Found Acvegol's Antique Armour Boutique.
 55607 | Depths:3 | Bought the +1 pair of gloves "Pozaczonist" {Drain rN+ Str+2
                  | Dex+3} for 486 gold pieces
 55623 | Depths:3 | Found Bupnuidgh's Magic Scroll Shop.
 55632 | Depths:3 | Bought a faintly humming troll leather armour for 920 gold
                  | pieces
 55632 | Depths:3 | Identified the +0 troll leather armour "Noerigim" {Regen+
                  | Int+5} (You bought it in a shop on level 3 of the Depths)
 55653 | Depths:3 | Bought a scroll of blinking for 105 gold pieces
 55653 | Depths:3 | Bought 2 scrolls of blinking for 210 gold pieces
 55653 | Depths:3 | Bought a scroll of blinking for 105 gold pieces
 56667 | Depths:4 | Entered Level 4 of the Depths
 56667 | Depths:4 | Found Gathim's Jewellery Shop.
 56705 | Depths:4 | Found a one-way gateway to a ziggurat.
 57086 | Depths:4 | Noticed a caustic shrike
 57087 | Depths:4 | Noticed a caustic shrike
 57087 | Depths:4 | Noticed a caustic shrike
 57095 | Depths:4 | Killed a caustic shrike
 57096 | Depths:4 | Reached XP level 25. HP: 178/178 MP: 35/35
 57411 | Depths:4 | Found a gate to the Realm of Zot.
 58502 | Vaults:5 | Entered Level 5 of the Vaults
 58610 | Vaults:5 | Noticed an ancient lich
 58619 | Vaults:5 | Killed an ancient lich
 58635 | Vaults:5 | Noticed Mennas
 58659 | Vaults:5 | Killed Mennas
 59058 | Vaults:5 | Identified the ring "Atejasu" {rN+ Will+ Str-3 Dex+3}
 59121 | Vaults:5 | Noticed Margery
 59135 | Vaults:5 | Killed Margery
 59137 | Vaults:5 | Noticed Jory
 59138 | Vaults:5 | Reached XP level 26. HP: 186/186 MP: 30/35
 59154 | Vaults:5 | Killed Jory
 59713 | Vaults:5 | Got a silver rune of Zot
 60911 | Slime:1  | Entered Level 1 of the Pits of Slime
 60945 | Slime:1  | Reached skill level 10 in Translocations
 60962 | Slime:1  | Learned a level 5 spell: Summon Mana Viper
 61032 | Slime:3  | Reached skill level 10 in Summonings
 61121 | Slime:5  | Entered Level 5 of the Pits of Slime
 61125 | Slime:5  | Gained mutation: Armour fits poorly on your strangely
                  | shaped body. [a shining eye]
 61287 | Slime:5  | Noticed the Royal Jelly
 61338 | Slime:5  | Reached skill level 21 in Ranged Weapons
 61354 | Slime:5  | Killed the Royal Jelly
 61649 | Slime:5  | Found the +8 frozen axe "Frostbite" {freeze, freezing
                  | cloud, *Noise Fly rC+}
 61718 | Slime:5  | Found the +10 tower shield of Ignorance {rN+ Int-4}
 61740 | Slime:5  | Got a slimy rune of Zot
 61741 | Slime:5  | Identified the ring "Icsy" {+Blink rPois AC+4 Str+3 Slay+3}
 61769 | Slime:5  | Identified the +4 morningstar of Gallantry {flame, Str+6
                  | Stlth-}
 61817 | Slime:5  | Identified the +0 swamp dragon scales of Coasysu {-Cast
                  | rPois rC++ SInv}
 61846 | Slime:5  | Identified the ring of Futsueseth {rF+ rCorr MP-9 Slay+4}
 61863 | Slime:5  | Identified the +0 chain mail "Xuomp" {Will+}
 61970 | Slime:5  | Identified the +1 mace of Taxation {venom, Will+ Str+3}
 62022 | Slime:5  | Gained mutation: You occasionally lose the ability to read
                  | scrolls when taking damage. [a shining eye]
 62470 | Zot:1    | Entered Level 1 of the Realm of Zot
 62473 | Zot:1    | Noticed a Killer Klown
 62481 | Zot:1    | Noticed a Killer Klown
 62764 | Depths:4 | Killed a Killer Klown
 62768 | Depths:4 | Killed a Killer Klown
 62936 | Depths:4 | Lost mutation: You have large cloven feet. [potion of
                  | mutation]
 62936 | Depths:4 | Lost mutation: You are partially covered in iridescent
                  | scales. (AC +2) [potion of mutation]
 62936 | Depths:4 | Lost mutation: You occasionally lose the ability to read
                  | scrolls when taking damage. [potion of mutation]
 62936 | Depths:4 | Gained mutation: You have a pair of small horns on your
                  | head. [potion of mutation]
 62936 | Depths:4 | Gained mutation: Your spells are a little harder to cast,
                  | but a little more powerful. [potion of mutation]
 62939 | Depths:4 | Lost mutation: You are frail. (-10% HP) [potion of
                  | mutation]
 62939 | Depths:4 | Lost mutation: Your spells are a little harder to cast, but
                  | a little more powerful. [potion of mutation]
 62939 | Depths:4 | Gained mutation: You are agile. (Dex +4, Str/Int -1)
                  | [potion of mutation]
 62939 | Depths:4 | Gained mutation: You are strong-willed. (Will+) [potion of
                  | mutation]
 64169 | Zot:1    | You fall into a shaft and drop 1 floor!
 64459 | Zot:1    | Reached XP level 27. HP: 214/217 MP: 26/35
 65529 | Zot:2    | Reached skill level 22 in Ranged Weapons
 65861 | Zot:2    | Identified the +0 chain mail "Xeisch" {Rampage rPois Will-
                  | Str+4}
 66997 | Zot:3    | Noticed an orb of fire
 67364 | Zot:3    | Killed an orb of fire
 67390 | Zot:3    | Reached skill level 23 in Ranged Weapons
 67685 | Zot:3    | Identified the +8 great mace of Buitir {heavy, *Corrode
                  | Drain rC++ MP+9}
 68869 | Zot:4    | Reached skill level 24 in Ranged Weapons
 69578 | Zot:5    | Entered Level 5 of the Realm of Zot
 70309 | Zot:5    | Noticed a dread lich
 70318 | Zot:5    | Killed a dread lich
 70334 | Zot:5    | Noticed an orb of fire
 70338 | Zot:5    | Noticed an orb of fire
 70342 | Zot:5    | Noticed an orb of fire
 70352 | Zot:5    | Noticed an ancient lich
 70352 | Zot:5    | Noticed an orb of fire
 70360 | Zot:5    | Gained mutation: You occasionally shout uncontrollably at
                  | your foes. [an orb of fire]
 70368 | Zot:5    | Killed an orb of fire
 70369 | Zot:5    | Reached skill level 25 in Ranged Weapons
 70371 | Zot:5    | Killed an orb of fire
 70377 | Zot:5    | Killed an orb of fire
 70379 | Zot:5    | Killed an ancient lich
 70384 | Zot:5    | Gained mutation: Your magical capacity is low. (-10% MP)
                  | [an orb of fire]
 70389 | Zot:5    | Killed an orb of fire
 71021 | Zot:5    | Reached skill level 26 in Ranged Weapons
 72453 | Zot:5    | Reached skill level 27 in Ranged Weapons
 73046 | Zot:5    | Got the Orb of Zot
 73104 | Zot:5    | Noticed Jerchud the pandemonium lord
 73112 | Zot:5    | Killed Jerchud the pandemonium lord
 73596 | D:10     | Noticed a seraph
 73596 | D:10     | Identified the +2 tower shield of the Centaur {Slay+2}
 73957 | D:$      | Escaped with the Orb!

Illustrated notes

Levels and vault maps discovered:
D:1:      shiori_arrival_maze, layout_basic, minivault_26, due_unseen_surprise
D:2:      layout_basic
D:3:      due_chaos_kobolds, layout_rooms, ashenzari_conservatory_becter,
          gup_sewer_entry_glass
D:4:      layout_basic, grunt_qazlal_sundering, temple_fountains,
          dk_noncrumbling_2, minmay_unequal, uniq_pikel
D:5:      layout_loops_ring, uniq_ijyb
D:6:      kennysheep_big_flooded_room, layout_basic,
          nicolae_elyvilon_temple_path, nicolae_overflow_hidden_temple
D:7:      layout_basic, nicolae_uskayaw_murder_on_the_dancefloor,
          fiery_altar_vehumet, minmay_diced_spiral
D:8:      minmay_inner_zag, layout_basic, kiku_gazebo_pond_becter,
          kennysheep_slug_shrine, serial_shops, shop
D:9:      minmay_the_grid_triangle_9x9_rhombus_thin_mashed
          [minmay_the_grid_triangle_9x9_sparse_checkered,
          minmay_the_grid_triangle_9x9_prize_center,
          minmay_the_grid_triangle_9x9_minimal,
          minmay_the_grid_triangle_9x9_dagger], layout_stronghold, serial_shops,
          shop, shop, nicolae_shop_tiny_statue_garden, shop,
          nicolae_shop_rolling_square
D:10:     layout_rooms, grunt_lair_entry_orc_guard_hut, feat_on_display
D:11:     layout_loops_ring, hiddenorc2_lemuel
D:12:     layout_roguey, serial_shops, nicolae_shop_hallway_plus,
          maelrawn_ghost_gauntlet_escape, uniq_psyche
D:13:     minmay_triangles_in_corner, layout_irregular_city,
          portal_ice_cave_rime, nicolae_concentric_dashed_squares_wild,
          nicolae_shop_fire_sale [nicolae_sub_dead_trees]
D:14:     layout_roguey, erik_vaults_2, chequers_serial_rivers_room_b,
          minivault_4, nicolae_wwwww, drop_trap, uniq_louise, uniq_frances
D:15:     hangedman_depths_entry_try_elsewhere_first, layout_small_grid,
          serial_ice, serial_ice_m, serial_ice_f, serial_ice_k, serial_ice_g,
          serial_ice_n, serial_ice_a, lemuel_coloured_pillars_altar
Temple:   eino_temple_water
Lair:1:   layout_regular_city, columned_hall_lemuel, grunt_megastairs_1
Lair:2:   lemuel_reptile_caves, layout_cave_shapes, minmay_swamp_entry_worms,
          gammafunk_ghost_split
Lair:3:   layout_loops_ring, guppyfry_snake_entry_garden
Lair:4:   layout_layer_cave, slime_entry_1, grunt_megastairs_3,
          infiniplex_staircase_pool_2, lemuel_fruit_fields, uniq_josephine
Lair:5:   minmay_lair_end_frog_pond, layout_regular_city,
          minmay_shattered_shrine, uniq_rupert
Swamp:1:  layout_basic_swamp, nicolae_swamp_triple_paths,
          nicolae_swamp_decorative_isthmus, nicolae_swamp_tree_isthmus
Swamp:2:  layout_basic_swamp, ebering_ghost_reflecting_pool,
          evilmike_swamp_ruin_house_2, uniq_jorgrun
Swamp:3:  nicolae_swamp_secret_spriggan_hideout, layout_basic_swamp,
          evilmike_swamp_ruin_rubble_2, uniq_roxanne
Swamp:4:  grunt_swamp_rune_castle, layout_basic_swamp, swamp_pool_5
Snake:1:  layout_basic, serial_shops, nicolae_shop_tiny_real_fake_doors,
          uniq_aizul, uniq_agnes
Snake:2:  layout_grid_shapes, grunt_ministairs_1, lemuel_fruit_tree,
          uniq_vashnia, uniq_mlioglotl
Snake:3:  layout_onion
Snake:4:  hellmonk_snake_rune_quicksilver_temple, layout_cave_town,
          gammafunk_ghost_wrathful_warriors, uniq_mara
Slime:1:  layout_caves, amcnicky_altar_lugonu_corruption
Slime:2:  layout_caves, nicolae_slime_getting_an_eyeful
Slime:3:  layout_caves
Slime:4:  layout_caves
Slime:5:  slime_pit_nicolae_trefoil
Orc:1:    layout_diamond_mine, basic_altar
Orc:2:    st_orc_pillars, layout_diamond_mine
Elf:1:    minmay_elf_arrival_summoners, layout_gridlike,
          ploomutoo_gammafunk_ghost_potion_laboratory, minmay_elf_annihilation
Elf:2:    elven_hall_of_blades_hangedman_original
          [nicolae_vaults_blade_armed_guards], layout_geoelf_octagon,
          st_stairs_14
Elf:3:    minmay_elf_hall_spiked, layout_gridlike
Vaults:1: v_alt_pattern_5, nicolae_vaults_oozy_zoo, ontoclasm_vaults_spin,
          ontoclasm_vaults_pinch, vaults_room_corners, nicolae_vaults_meiosis,
          ontoclasm_vaults_gateway, v_misc_19, v_misc_11, nicolae_vaults_theta,
          nicolae_vaults_mini_display_case, nicolae_vaults_little_squares_3,
          nicolae_vaults_tetromino_L_1, vaults_dpeg_hooks,
          layout_vaults_omnicross, enter_trove_2, uniq_norris, uniq_asterion
Vaults:2: advil_vaults_ghost_lines, nicolae_vaults_variable_pillar_hall_cross,
          vaults_dpeg_spiral, nicolae_vaults_crenellated_ambush,
          nicolae_vaults_little_squares_4, v_misc_18, nicolae_vaults_gold_heap,
          layout_vaults_big_room, uniq_xtahua
Vaults:3: nicolae_vaults_circle_grid_a, v_misc_12,
          nicolae_vaults_trapezoid_layered, hangedman_vaults_variations,
          grunt_vaults_hallway_long, minmay_crypt_entry_nasty_monster,
          nicolae_vaults_cochlea, nicolae_vaults_shelves_hall,
          hangedman_vaults_slice, v_misc_10, nicolae_vaults_branching_niches,
          ontoclasm_vaults_decontamination, grunt_vaults_hallway_long,
          vaults_room_pools, nicolae_vaults_network_quincunx
          [nicolae_vaults_network_quincunx_subvault,
          nicolae_vaults_network_quincunx_subvault,
          nicolae_vaults_network_quincunx_subvault,
          nicolae_vaults_network_quincunx_subvault,
          nicolae_vaults_network_quincunx_subvault], layout_vaults_omnibox
Vaults:4: v_misc_9, nicolae_vaults_storage_closets_1,
          nicolae_vaults_heart-shaped_vault, nicolae_vaults_tetromino_Z_2,
          vaults_dpeg_cross, v_misc_29, nicolae_vaults_more_shelving_1,
          hangedman_vaults_capsules, vaults_room_door_ring,
          nicolae_vaults_diamond_2, nicolae_vaults_trapezoid_4,
          layout_vaults_quadrants, serial_shops, nicolae_shop_just_a_little_nook
Vaults:5: uniq_margery, uniq_jory, uniq_mennas
Depths:1: layout_cave_pools, pf_vacation_house_of_asmodeus,
          nicolae_wu_jian_immortal_techniques, minmay_curled_crystal,
          nicolae_shop_i_like_small_books_too, fedhas_altar_2,
          serial_bayou_shore_b, uniq_nikola
Depths:2: nicolae_cairo_tiling_large_dashed, layout_twisted_cross,
          rand_demon_pan_entry_4, nicolae_twisting_strands, hell_entry,
          chequers_serial_rivers_micro_c
Depths:3: dreamdust_experimentation, layout_gridlike, minmay_staircase_bubble,
          abyss_entry_crystal, nicolae_hell_entry_hellmouth_sunbeams,
          minmay_shoptagon
Depths:4: grunt_zot_entry_bicorn, layout_gridlike, enter_ziggurat_c,
          grunt_pan_entry_zigzag, dk_noncrumbling_3, hell_entry, serial_shops,
          nicolae_shop_hallway_stairs, water_boxes_lemuel
Zot:1:    ebering_greatest_show_in_zot, layout_gridlike, hangedman_hellfire_club
Zot:2:    layout_twisted_circle, grunt_megastairs_5, uniq_josephina
Zot:3:    layout_cathedral_of_symmetry, st_small_dragon_hoard_1
Zot:4:    layout_onion, zot_minivault_1, regret_index_zotdec_banners
Zot:5:    layout_cathedral_of_symmetry, st_stairs_8

Skill      XL: |  1  2  3  4  5  6  7  8  9 10 11 12 13 14 15 16 17 18 19 20 21 22 23 24 25 26 27 |
---------------+----------------------------------------------------------------------------------+-----
Fighting       | 2 3 5 8 10 12 14 15 17 18 19 20 21 23 24 25 | 25.6
Fire Magic     | 2 3 |  3.4
Dodging        | 3 4 5 7 9 11 13 14 16 17 18 19 20 22 23 | 23.8
Spellcasting   | 2 3 5 8 |  8.1
Hexes          | 4 5 7 9 10 | 10.0
Ranged Weapons | 3 6 8 12 16 17 19 20 21 27 | 27.0
Invocations    | 3 7 10 11 12 | 12.7
Evocations     | 1 7 9 |  9.0
Armour         | 3 9 12 14 15 16 | 16.0
Translocations | 1 5 7 9 11 | 11.0
Stealth        | 7 11 12 | 12.4
Summonings     | 5 9 11 | 11.8

Action                     |  1- 3 |  4- 6 |  7- 9 | 10-12 | 13-15 | 16-18 | 19-21 | 22-24 | 25-27 || total
---------------------------+-------+-------+-------+-------+-------+-------+-------+-------+-------++-------
  Melee: Sling             |       |       |     6 |       |       |       |       |       |       ||     6
         Orcbow            |       |       |       |     3 |       |       |       |       |       ||     3
   Fire: Sling             |   120 |   272 |   453 |   297 |       |       |       |       |       ||  1142
         Orcbow            |       |       |       |   376 |  1193 |       |       |       |       ||  1569
         Arbalest          |       |       |       |       |   193 |       |       |       |       ||   193
         Longbow           |       |       |       |       |   120 |  1154 |  1262 |   978 |  1734 ||  5248
         Heavy crossbow    |       |       |       |       |       |       |       |       |     3 ||     3
   Cast: Jinxbite          |       |     8 |     4 |       |       |       |       |       |       ||    12
         Inner Flame       |       |       |       |       |    10 |       |       |       |       ||    10
         Dimensional Bulls |       |       |       |       |       |       |     1 |     8 |    33 ||    42
         Apportation       |       |       |       |       |       |       |       |     5 |       ||     5
         Summon Mana Viper |       |       |       |       |       |       |       |       |     2 ||     2
 Invoke: Recall Ancestor   |       |       |     1 |     3 |    10 |     6 |     5 |     6 |    16 ||    47
         Ancestor Life: Kn |       |       |       |     1 |       |       |       |       |       ||     1
         Idealise          |       |       |       |       |     2 |     2 |     2 |     5 |    11 ||    22
         Ancestor Identity |       |       |       |       |       |       |       |     1 |       ||     1
         Transference      |       |       |       |       |       |       |       |       |     1 ||     1
Ability: Hop               |       |     2 |       |       |     5 |     4 |     2 |     2 |     7 ||    22
  Evoke: Wand              |       |       |     1 |    10 |     5 |     1 |       |     5 |     2 ||    24
         Phial of floods   |       |       |       |     1 |     1 |     4 |     1 |       |       ||     7
         Lightning rod     |       |       |       |       |     8 |       |     4 |       |       ||    12
         Condenser vane    |       |       |       |       |       |       |     1 |       |     2 ||     3
    Use: Scroll            |     1 |    12 |     4 |     6 |    10 |       |     1 |       |     8 ||    42
         Potion            |       |     3 |       |     1 |     3 |       |     4 |     7 |    29 ||    47
 Armour: Robe              |    29 |       |       |       |       |       |       |       |       ||    29
         Leather armour    |     1 |   147 |   186 |   103 |       |       |       |    46 |   373 ||   856
         Acid dragon scale |       |       |       |    21 |   271 |   104 |       |       |       ||   396
         Quicksilver drago |       |       |       |       |       |    45 |   144 |    77 |       ||   266
  Dodge: Dodged            |    27 |   144 |   171 |   124 |   540 |   246 |   338 |   251 |   925 ||  2766

Table legend: (Time is in decaauts)
 A = Elapsed time spent in this place.
 B = Non-inter-level travel time spent in this place.
 C = Inter-level travel time spent in this place.
 D = Time resting spent in this place.
 E = Time spent auto-exploring this place.
 F = Levels seen in this place.
 G = Mean time per level.
                   A        B        C        D        E       F      G
               +--------+--------+--------+--------+--------+-----+--------+
         Total |  81665 |  73706 |   7959 |  11218 |  48568 |  57 | 1432.7 |
       Dungeon |  22951 |  19287 |   3664 |   2662 |  12938 |  15 | 1530.1 |
        Temple |     38 |      1 |     37 |      0 |      0 |   1 |   38.0 |
          Lair |   9970 |   9262 |    708 |   1638 |   6334 |   5 | 1994.0 |
         Swamp |   3739 |   3561 |    178 |    601 |   2346 |   4 |  934.8 |
     Snake Pit |   6194 |   5943 |    251 |    542 |   4614 |   4 | 1548.5 |
    Slime Pits |   1324 |   1261 |     63 |    374 |    135 |   5 |  264.8 |
  Orcish Mines |   3303 |   2611 |    692 |    480 |   1472 |   2 | 1651.5 |
   Elven Halls |   5345 |   4718 |    627 |    624 |   2718 |   3 | 1781.7 |
        Vaults |   9868 |   9165 |    703 |    631 |   7126 |   5 | 1973.6 |
        Depths |   6977 |   6490 |    487 |   1488 |   4082 |   4 | 1744.2 |
           Zot |  10472 |   9926 |    546 |   1796 |   6474 |   5 | 2094.4 |
         Abyss |    452 |    452 |      0 |    160 |      0 |   2 |  226.0 |
         Sewer |    735 |    735 |      0 |    130 |    325 |   1 |  735.0 |
      Ice Cave |    291 |    291 |      0 |     90 |      0 |   1 |  291.0 |
               +--------+--------+--------+--------+--------+-----+--------+

Top non-repeatable levels by time:
Depths:4: 3122 daAuts
   Zot:5: 2971 daAuts
  Lair:4: 2618 daAuts
Vaults:1: 2486 daAuts
  Lair:1: 2332 daAuts
     D:4: 2323 daAuts
   Orc:2: 2284 daAuts
   Zot:4: 2259 daAuts
 Snake:1: 2234 daAuts
 Snake:4: 2181 daAuts
   Elf:1: 2097 daAuts
    D:11: 2054 daAuts
Vaults:5: 2049 daAuts
   Zot:2: 2015 daAuts
     D:9: 1996 daAuts
